 Seeded DCSS version 0.29.1-12-g30fa7ad0bf (webtiles) character file.

Game seed: 16245865983455551772 (custom seed)

74 hikkokomori the Conjurer (level 4, 0/40 HPs)
             Began as an Octopode Conjurer on Jan 17, 2023.
             Killed from afar by an orc wizard (3 damage)
             ... with a puff of flame
             ... on level 3 of the Dungeon.
             The game lasted 00:02:37 (2689 turns).

hikkokomori the Conjurer (Octopode Conjurer)        Turns: 2689, Time: 00:02:37

Health: 0/40       AC: 22    Str:  6    XL:     4   Next: 28%
Magic:  7/7        EV:  2    Int: 39    God:
Gold:   99         SH:  0    Dex: 10    Spells: 4/7 levels left

rFire   . . .      SeeInvis .   j - staff of conjuration
rCold   . . .      Faith    .   (no shield)
rNeg    . . .      Spirit   .   (helmet currently unavailable)
rPois   +          Reflect  .   (no amulet)
rElec   .          Harm     .   i - ring "Neumm" {Fly Int+5}
rCorr   .          Rampage  .   g - +6 ring of intelligence
Will    .....      NoTele   +   h - +6 ring of intelligence
Stlth   +.........              (no ring)
HPRegen 0.13/turn               (no ring)
MPRegen 0.10/turn               (no ring)
                                (no ring)
                                (no ring)

@: confused, mighty, tree-form
A: stationary, stasis, torment immunity, boosted hp, almost no armour,
(amphibious), 8 rings, (camouflage 1), (gelatinous body 1), (nimble swimmer 1),
(tentacles)
a: no special abilities


You were on level 3 of the Dungeon.
You were a tree.
You visited 1 branch of the dungeon, and saw 3 of its levels.

You collected 99 gold pieces.

Inventory:

Hand Weapons
 b - a +0 dagger
Armour
 c - the +1 hat of the Will of the Gods (melded) {rElec rPois}
   (You acquired it on level 1 of the Dungeon)

   rElec:     It insulates you from electricity.
   rPois:     It protects you from poison.
Magical Staves
 j - a staff of conjuration (weapon)
Jewellery
 g - a +6 ring of intelligence (right branch)
 h - a +6 ring of intelligence (on tentacle)
 i - the ring "Neumm" (left branch) {Fly Int+5}
   (You acquired it on level 1 of the Dungeon)

   [ring of flight]

   Int:       It affects your intelligence (+5).
   Fly:       It grants you flight.
 q - an amulet of regeneration
Wands
 o - a wand of roots (4)
Scrolls
 f - 2 scrolls of teleportation {unknown}
 l - 2 scrolls of identify {unknown}
 m - a scroll of enchant weapon {unknown}
 n - a scroll of summoning {unknown}
 p - a scroll of noise {unknown}
Potions
 a - a potion of magic
 e - 2 potions of flight {unknown}


   Skills:
 - Level 2.0 Dodging
 - Level 2.6 Stealth
 - Level 2.0 Spellcasting
 + Level 5.7 Conjurations


You had 4 spell levels left.
You knew the following spells:

 Your Spells              Type           Power      Damage    Failure   Level
a - Magic Dart            Conj           100%       1d8       1%          1
b - Searing Ray           Conj           100%       2d8       1%          2

Your spell library contained the following spells:

 Spells                   Type           Power      Damage    Failure   Level
 Sting                    Tmut/Pois      12%        1d3       4%          1
 Dazzling Flash           Conj/Hex       78%        N/A       4%          3
 Poisonous Vapours        Pois/Air       6%         N/A       6%          2
 Fulminant Prism          Conj/Hex       19%        3d11      13%         4
 Iskenderun's Mystic Bla  Conj/Tloc      39%        2d9       13%         4
 Olgreb's Toxic Radiance  Pois           3%         N/A       38%         4
 Chain Lightning          Conj/Air       19%        3d26      100%        9
 Fire Storm               Conj/Fire      19%        8d5       100%        9
 Shatter                  Erth           1%         3d6*      100%        9


Dungeon Overview and Level Annotations

Branches:
Dungeon (3/15)

Altars:


Innate Abilities, Weirdness & Mutations

You are a tree.
Your roots penetrate the ground, keeping you stationary.
You cannot be teleported.
You are immune to unholy pain and torment.
Your maximum health is greatly increased.
You cannot wear most types of armour.
((You are amphibious.))
You can wear up to eight rings at the same time.
((Your skin changes colour to match your surroundings (Stealth+).))
((Your rubbery body absorbs attacks. (AC +1, EV +1)))
((You are camouflaged when in or above water. (Stealth+)))
((You have tentacles for arms and can constrict up to eight enemies at once.))


Message History

Unknown command.
You bump into the rock wall.
Something hits you.
Unknown command.
You bump into the rock wall.
You hear some strange, mumbled words.
You are more confused.
Unknown command.
You barely miss something. Something hits you.
You completely miss something. Something hits you.
You bump into the rock wall.
You hear some strange, mumbled words.
Something tries to affect you, but you resist.
Unknown command.
You bump into the rock wall.
Something hits you.
* * * LOW HITPOINT WARNING * * *
You barely miss something. Something hits you but does no damage.
Unknown command.
You bump into the rock wall.
Something hits you but does no damage.
It was a potion of might.
You feel very mighty all of a sudden.
You hear some strange, mumbled words.
You are more confused.
You bump into the rock wall.
Something hits you.
* * * LOW HITPOINT WARNING * * *
You bump into the rock wall.
Something hits you.
* * * LOW HITPOINT WARNING * * *
It was a potion of lignification.
You turn into a tree.
The +1 hat of the Will of the Gods {rElec rPois} melds into your body.
Your roots penetrate the ground.
Something hits you but does no damage.
You cannot move. (Use ctrl+direction or * direction to attack while stationary and confused.)
You barely miss something. Something hits you but does no damage.
You nearly hit yourself!
You hear some strange, mumbled words.
A puff of flame appears from out of thin air!
The puff of flame hits you but does no damage.
You attack the rock wall.
You hear some strange, mumbled words.
A puff of flame appears from out of thin air!
The puff of flame hits you.
You die...

###
##############.#
..).......{♣...#
##..##########.###
#......# #.#..#.#
#.#..#.# #.#..#.#
#.#..#.# #....#.#
.#######.#


There were no monsters in sight!

Vanquished Creatures
  Jessica (D:2)
  An adder (D:2)
  2 orcs (D:3)
  2 ball pythons (D:1)
  3 bats
  4 endoplasms (D:1)
  2 goblins (D:1)
  5 hobgoblins
  4 kobolds
  3 quokkas (D:1)
  3 frilled lizards
  5 rats
35 creatures vanquished.

Notes
Turn   | Place    | Note
-------+----------+-------------------------------------------
     0 | D:1      | hikkokomori the Octopode Conjurer began the quest for the
                  | Orb.
     0 | D:1      | Reached XP level 1. HP: 11/11 MP: 3/3
   527 | D:1      | Reached XP level 2. HP: 16/17 MP: 1/5
   573 | D:1      | Learned a level 2 spell: Searing Ray
   670 | D:1      | Found a faded altar of an unknown god.
  1326 | D:1      | Identified 3 scrolls of acquirement
  1326 | D:1      | Acquired the ring "Neumm" {Fly Int+5}
  1404 | D:1      | Reached XP level 3. HP: 21/21 MP: 2/6
  1455 | D:1      | Acquired a staff of conjuration
  1458 | D:1      | Acquired the +1 hat of the Will of the Gods {rElec rPois}
  1718 | D:2      | Reached skill level 5 in Conjurations
  1869 | D:2      | Noticed Jessica
  1871 | D:2      | Killed Jessica
  1872 | D:2      | Reached XP level 4. HP: 27/27 MP: 4/7
  2684 | D:3      | HP: 1/27 [something (3)]
  2689 | D:3      | Killed from afar by an orc wizard

Illustrated notes

Levels and vault maps discovered:
D:1:      minmay_arrival_hallway, layout_loops_corners, basic_ecumenical_altar,
          minmay_unequal
D:2:      layout_loops_ring, uniq_jessica
D:3:      layout_basic, serial_shops, nicolae_shop_advertising_works
          [nicolae_subvault_shop_adworks], minmay_shallow_snake_nest,
          uniq_natasha

Skill      XL: |  1  2  3 |
---------------+----------+-----
Conjurations   | 5 |  5.7
Dodging        | |  2.0
Stealth        | |  2.6
Spellcasting   | |  2.0

Action                   |  1- 3 |  4- 6 || total
-------------------------+-------+-------++-------
Melee: Unarmed           |     5 |       ||     5
       Dagger            |     3 |       ||     3
       Tentacles         |     2 |     2 ||     4
       Constrict         |     1 |       ||     1
       Staff             |       |    14 ||    14
 Cast: Magic Dart        |    39 |    23 ||    62
  Use: Scroll            |     3 |       ||     3
       Potion            |       |     2 ||     2
Armor: Skin              |       |     5 ||     5
Dodge: Dodged            |     2 |     2 ||     4
